3AAA
HIALEAH DODOS @ MILTON BILLS
08/24/2017
 
TOP OF THE 1ST
Hialeah Dodos batting - Pitching for Milton Bills : LHP Morris Nicholson
Pitching: LHP Morris Nicholson
Batting: RHB Roosevelt Gibson 0-0: Fly out, F9 (Flyball, 89S)
Batting: RHB Álex Escobar 0-0: Called Strike
0-1: Ball
1-1: Foul Ball, location: 2F
1-2: DOUBLE (Line Drive, 78XD)
Batting: RHB Joe Guy 0-0: Ball
1-0: Ball
2-0: Foul Ball, location: 2F
2-1: Ball
3-1: Called Strike
3-2: SINGLE (Line Drive, 56)
Álex Escobar to third
Runner from 3rd tries for Home, SAFE, no throw or cutoff
Batting: LHB José Alvia 0-0: Ball
1-0: Ball
2-0: Ball
3-0: Called Strike
3-1: Grounds into double play, 4-6-3 (Groundball, 4)
Top of the 1st over - 1 run(s), 2 hit(s), 0 error(s), 0 left on base; Hialeah 1 - Milton 0
BOTTOM OF THE 1ST
Milton Bills batting - Pitching for Hialeah Dodos : LHP Tom Howard
Pitching: LHP Tom Howard
Batting: RHB Steve McLeod 0-0: Ball
1-0: Ball
2-0: DOUBLE (Line Drive, 5D)
Batting: LHB Edwin Church 0-0: SINGLE (Groundball, 34D)
Steve McLeod to third
Runner from 3rd tries for Home, SAFE, no throw or cutoff
Batting: LHB Monte Pollard 0-0: Foul Ball, location: 2F
0-1: Called Strike
0-2: Foul Ball, location: 2F
0-2: Ball
1-2: Ball
2-2: Foul Ball, location: 2F
2-2: Ball
3-2: Base on Balls
Edwin Church to second
Batting: RHB Shane Franklin 0-0: Fly out, F4 (Popup, 4)
Batting: SHB Al Anderson 0-0: 3-RUN HOME RUN (Flyball, 8LXD), Distance : 456 ft
Batting: RHB Alden Wiley 0-0: Fly out, F7 (Flyball, 7M)
Batting: RHB Luis Silva 0-0: Called Strike
0-1: Ball
1-1: SINGLE (Groundball, 4MD)
Batting: LHB Johnny Hernández 0-0: Ball
1-0: Ball
2-0: Called Strike
2-1: Foul Ball, location: 2F
2-2: Ground out 4-3 (Groundball, 4MS)
Bottom of the 1st over - 4 run(s), 4 hit(s), 0 error(s), 1 left on base; Hialeah 1 - Milton 4
TOP OF THE 2ND
Hialeah Dodos batting - Pitching for Milton Bills : LHP Morris Nicholson
Batting: RHB Luis Trujillo 0-0: Fly out, F8 (Flyball, 8LS)
Batting: RHB Jorge Emiliani 0-0: Foul Ball, location: 2F
0-1: Swinging Strike
0-2: Ball
1-2: Ball
2-2: Fly out, F8 (Flyball, 8LD)
Batting: RHB Owen Cunningham 0-0: SOLO HOME RUN (Flyball, 8LXD), Distance : 458 ft
Batting: RHB Ed Lee 0-0: Swinging Strike
0-1: Ball
1-1: Ball
2-1: Ball
3-1: Called Strike
3-2: Base on Balls
Batting: LHB Jeff Conklin 0-0: Called Strike
0-1: Ball
Passed Ball!
Ed Lee to second
1-1: Swinging Strike
1-2: Ball
2-2: Strikes out looking
Top of the 2nd over - 1 run(s), 1 hit(s), 0 error(s), 1 left on base; Hialeah 2 - Milton 4
BOTTOM OF THE 2ND
Milton Bills batting - Pitching for Hialeah Dodos : LHP Tom Howard
Batting: RHB Roberto Andrade 0-0: Swinging Strike
Reached via error on a dropped throw, E3
Batting: RHB Steve McLeod 0-0: Ball
1-0: Foul Ball, location: 2F
1-1: Ball
2-1: Ball
3-1: Called Strike
3-2: Fly out, F4 (Line Drive, 4M)
3-2: Fly out, F4 (Line Drive, 4M)
Batting: LHB Edwin Church 0-0: Called Strike
0-1: Ball
1-1: Called Strike
1-2: Strikes out swinging
Batting: LHB Monte Pollard 0-0: Ball
1-0: Ground out U3 (Groundball, 3S)
Bottom of the 2nd over - 0 run(s), 0 hit(s), 1 error(s), 1 left on base; Hialeah 2 - Milton 4
TOP OF THE 3RD
Hialeah Dodos batting - Pitching for Milton Bills : LHP Morris Nicholson
Batting: RHB Roosevelt Gibson 0-0: Ground out 1-3 (Groundball, 13)
Batting: RHB Álex Escobar 0-0: Called Strike
0-1: Ball
1-1: Ball
2-1: Called Strike
2-2: SINGLE (Groundball, 56)
Batting: RHB Joe Guy 0-0: Swinging Strike
0-1: Ball
Wild Pitch!
Álex Escobar to second
1-1: Ball
Álex Escobar steals 3rd base
2-1: Foul Ball, location: 2F
2-2: Ground out 6-3 (Groundball, 6M)
Álex Escobar scores
Batting: LHB José Alvia 0-0: Ball
1-0: Called Strike
1-1: Ball
2-1: Foul Ball, location: 2F
2-2: Ball
3-2: Foul Ball, location: 2F
3-2: Hit by Pitch
Batting: RHB Luis Trujillo 0-0: Called Strike
0-1: Ground out 6-3 (Groundball, 6)
Top of the 3rd over - 1 run(s), 1 hit(s), 0 error(s), 1 left on base; Hialeah 3 - Milton 4
BOTTOM OF THE 3RD
Milton Bills batting - Pitching for Hialeah Dodos : LHP Tom Howard
Batting: RHB Shane Franklin 0-0: Ball
1-0: Ball
2-0: Fly out, F4 (Popup, 4D)
Batting: SHB Al Anderson 0-0: Ball
1-0: Swinging Strike
1-1: Ball
2-1: Swinging Strike
2-2: Strikes out swinging
Batting: RHB Alden Wiley 0-0: Ball
1-0: Called Strike
1-1: Ground out 5-3 (Groundball, 5)
Bottom of the 3rd over - 0 run(s), 0 hit(s), 0 error(s), 0 left on base; Hialeah 3 - Milton 4
TOP OF THE 4TH
Hialeah Dodos batting - Pitching for Milton Bills : LHP Morris Nicholson
Batting: RHB Jorge Emiliani 0-0: Ball
1-0: Called Strike
1-1: Swinging Strike
1-2: Ground out 1-3 (Groundball, 15)
Batting: RHB Owen Cunningham 0-0: Called Strike
0-1: Swinging Strike
0-2: Ball
1-2: Strikes out looking
Batting: RHB Ed Lee 0-0: Foul Ball, location: 2F
0-1: Foul Ball, location: 2F
0-2: Ball
1-2: Foul Ball, location: 2F
1-2: Foul Ball, location: 2F
1-2: DOUBLE (Line Drive, 8RM)
Batting: LHB Jeff Conklin 0-0: Swinging Strike
0-1: Foul Ball, location: 2F
0-2: Ball
1-2: Ball
2-2: Strikes out looking
Top of the 4th over - 0 run(s), 1 hit(s), 0 error(s), 1 left on base; Hialeah 3 - Milton 4
BOTTOM OF THE 4TH
Milton Bills batting - Pitching for Hialeah Dodos : LHP Tom Howard
Batting: RHB Luis Silva 0-0: Called Strike
0-1: Ball
1-1: Swinging Strike
1-2: Foul Ball, location: 2F
1-2: Foul Ball, location: 2F
1-2: Ball
2-2: Foul Ball, location: 2F
2-2: Foul Ball, location: 2F
2-2: Ball
3-2: Strikes out swinging
Batting: LHB Johnny Hernández 0-0: Called Strike
0-1: Ball
1-1: Fly out, F9 (Line Drive, 89M)
Batting: RHB Roberto Andrade 0-0: Ball
1-0: Called Strike
1-1: Ball
2-1: Ball
3-1: Fly out, F8 (Flyball, 8LD)
Bottom of the 4th over - 0 run(s), 0 hit(s), 0 error(s), 0 left on base; Hialeah 3 - Milton 4
TOP OF THE 5TH
Hialeah Dodos batting - Pitching for Milton Bills : LHP Morris Nicholson
Batting: RHB Roosevelt Gibson 0-0: Ball
1-0: Ball
2-0: Called Strike
2-1: Foul Ball, location: 2F
2-2: Strikes out swinging
Batting: RHB Álex Escobar 0-0: Ball
1-0: Foul Ball, location: 2F
1-1: Foul Ball, location: 2F
1-2: Ball
2-2: Fly out, F9 (Flyball, 9M)
Batting: RHB Joe Guy 0-0: Called Strike
0-1: Ball
1-1: Ball
2-1: SOLO HOME RUN (Line Drive, 8LXD), Distance : 467 ft
Batting: LHB José Alvia 0-0: Ball
1-0: Called Strike
1-1: Ground out 6-3 (Groundball, 6)
Top of the 5th over - 1 run(s), 1 hit(s), 0 error(s), 0 left on base; Hialeah 4 - Milton 4
BOTTOM OF THE 5TH
Milton Bills batting - Pitching for Hialeah Dodos : LHP Tom Howard
Batting: RHB Steve McLeod 0-0: Called Strike
0-1: Ground out 4-3 (Groundball, 4M)
Batting: LHB Edwin Church 0-0: Ball
1-0: SINGLE (Line Drive, 34)
Batting: LHB Monte Pollard 0-0: Called Strike
0-1: Fly out, F4 (Line Drive, 4)
Batting: RHB Shane Franklin 0-0: Swinging Strike
0-1: Called Strike
0-2: Strikes out swinging
Bottom of the 5th over - 0 run(s), 1 hit(s), 0 error(s), 1 left on base; Hialeah 4 - Milton 4
TOP OF THE 6TH
Hialeah Dodos batting - Pitching for Milton Bills : LHP Morris Nicholson
Batting: RHB Luis Trujillo 0-0: Called Strike
0-1: Swinging Strike
0-2: Ground out 5-3 (Groundball, 5)
Batting: RHB Jorge Emiliani 0-0: Called Strike
0-1: Ball
1-1: Fly out, F8 (Flyball, 8RS)
Batting: RHB Owen Cunningham 0-0: Called Strike
0-1: Ball
1-1: SINGLE (Groundball, 4M)
Batting: RHB Ed Lee 0-0: Ball
1-0: Ball
2-0: Called Strike
2-1: Ground out 4-3 (Groundball, 4)
Top of the 6th over - 0 run(s), 1 hit(s), 0 error(s), 1 left on base; Hialeah 4 - Milton 4
BOTTOM OF THE 6TH
Milton Bills batting - Pitching for Hialeah Dodos : LHP Tom Howard
Batting: SHB Al Anderson 0-0: Swinging Strike
0-1: Fly out, F8 (Popup, 4D)
Batting: RHB Alden Wiley 0-0: Ball
1-0: Fly out, F7 (Flyball, 7LM)
Batting: RHB Luis Silva 0-0: Ball
1-0: Ball
2-0: Ball
3-0: Base on Balls
Batting: LHB Johnny Hernández 0-0: Ball
1-0: Ball
2-0: Called Strike
2-1: Called Strike
2-2: Ball
3-2: Foul Ball, location: 2F
3-2: Foul Ball, location: 2F
3-2: Foul Ball, location: 2F
3-2: Foul Ball, location: 2F
3-2: Strikes out swinging
Bottom of the 6th over - 0 run(s), 0 hit(s), 0 error(s), 1 left on base; Hialeah 4 - Milton 4
TOP OF THE 7TH
Hialeah Dodos batting - Pitching for Milton Bills : LHP Morris Nicholson
Pinch Hitting: RHB Javier Garza 0-0: Foul Ball, location: 2F
0-1: Foul Ball, location: 2F
0-2: Fly out, F9 (Flyball, 89M)
Pinch Hitting: RHB Al Murphy 0-0: Ball
1-0: Called Strike
1-1: Ball
2-1: Foul Ball, location: 2F
2-2: DOUBLE (Line Drive, 89M)
Batting: RHB Álex Escobar 0-0: Ball
1-0: Ball
2-0: SINGLE (Groundball, 6MD)
Al Murphy to third
Batting: RHB Joe Guy 0-0: Called Strike
Álex Escobar is caught stealing 2nd base
0-1: Ball
1-1: Foul Ball, location: 2F
1-2: Ball
2-2: Ball
3-2: Base on Balls
Pitching: RHP Paul O'Callahan
Batting: LHB José Alvia 0-0: Ball
1-0: Ball
2-0: Called Strike
2-1: Fly out, F8 (Flyball, 8RXD)
Top of the 7th over - 0 run(s), 2 hit(s), 0 error(s), 2 left on base; Hialeah 4 - Milton 4
BOTTOM OF THE 7TH
Milton Bills batting - Pitching for Hialeah Dodos : LHP Tom Howard
Now at 1B: Al Murphy
Now in RF: Javier Garza
Pinch Hitting: LHB Jim Unknown 0-0: Ball
1-0: Called Strike
1-1: Hit by Pitch
Batting: RHB Steve McLeod 0-0: Sac Bunt - play at first, batter OUT! 1-4
Jim Unknown to second
Batting: LHB Edwin Church 0-0: Foul Ball, location: 2F
0-1: Ball
1-1: Fly out, F4 (Line Drive, 4)
Batting: LHB Monte Pollard 0-0: Ball
1-0: Ball
2-0: SINGLE (Line Drive, 6D)
Jim Unknown to third
Batting: RHB Shane Franklin 0-0: Swinging Strike
0-1: Foul Ball, location: 2F
0-2: Foul Ball, location: 2F
0-2: Strikes out looking
Bottom of the 7th over - 0 run(s), 1 hit(s), 0 error(s), 2 left on base; Hialeah 4 - Milton 4
TOP OF THE 8TH
Hialeah Dodos batting - Pitching for Milton Bills : RHP Paul O'Callahan
Now in RF: Jim Unknown
Pinch Hitting: LHB Craig Lovins 0-0: Ball
1-0: Swinging Strike
1-1: Called Strike
1-2: Foul Ball, location: 2F
1-2: Ball
2-2: Foul Ball, location: 2F
2-2: Ball
3-2: Base on Balls
Batting: RHB Jorge Emiliani 0-0: Ball
1-0: Foul Ball, location: 2F
1-1: Grounds into double play, U6-3 (Groundball, 6M)
Batting: RHB Owen Cunningham 0-0: Foul Ball, location: 2F
0-1: Called Strike
0-2: Strikes out looking
Top of the 8th over - 0 run(s), 0 hit(s), 0 error(s), 0 left on base; Hialeah 4 - Milton 4
BOTTOM OF THE 8TH
Milton Bills batting - Pitching for Hialeah Dodos : LHP Tom Howard
Now in LF: Craig Lovins
Batting: SHB Al Anderson 0-0: Fly out, F7 (Flyball, 78M)
Batting: RHB Alden Wiley 0-0: Ball
1-0: TRIPLE (Line Drive, 9LM)
Batting: RHB Luis Silva 0-0: Intentional Walk
Pitching: RHP Kevin Fields
Batting: LHB Johnny Hernández 0-0: Foul Ball, location: 2F
0-1: Ball
1-1: Fly out, F8 (Flyball, 8RM)
Runner from 3rd tags up, SCORES, no throw
Pitching: LHP Ben Flowers
Batting: LHB Jim Unknown 0-0: Ball
1-0: Foul Ball, location: 2F
1-1: Fly out, F7 (Flyball, 7M)
Bottom of the 8th over - 1 run(s), 1 hit(s), 0 error(s), 1 left on base; Hialeah 4 - Milton 5
TOP OF THE 9TH
Hialeah Dodos batting - Pitching for Milton Bills : RHP Paul O'Callahan
Pitching: RHP Luke Merkley
Batting: RHB Ed Lee 0-0: Ball
1-0: Foul Ball, location: 2F
1-1: Ground out 6-3 (Groundball, 6)
Batting: RHB Javier Garza 0-0: Called Strike
0-1: Swinging Strike
0-2: Foul Ball, location: 2F
0-2: Ball
1-2: Foul Ball, location: 2F
1-2: Strikes out looking
Batting: RHB Al Murphy 0-0: Ball
1-0: SINGLE (Line Drive, 9S)
Pinch Hitting: RHB Steve Ormston 0-0: Fly out, F8 (Flyball, 8LM)
Top of the 9th over - 0 run(s), 1 hit(s), 0 error(s), 1 left on base; Hialeah 4 - Milton 5
This league is powered by Out of the Park Baseball, the baseball management simulation game for PC, Mac and Linux
Saturday, February 27th, 2021 - OOTP Baseball 15.6 Build 34